 Dungeon Crawl Stone Soup version 0.28.0 (console) character file.

Game seed: 9223034363655784742

648 us17 the Chopper (level 7, -9/61 HPs)
             Began as a Hill Orc Fighter on Feb 6, 2022.
             Mangled by a gnoll (10 damage)
             ... on level 5 of the Dungeon on Feb 8, 2022.
             The game lasted 00:10:16 (4071 turns).

us17 the Chopper (Hill Orc Fighter)                 Turns: 4071, Time: 00:10:18

Health: -9/61      AC:  9    Str: 21    XL:     7   Next: 53%
Magic:  7/7        EV:  9    Int: 14    God:
Gold:   142        SH:  5    Dex: 10    Spells: 6/6 levels left

rFire   . . .      SeeInvis +   a - +0 war axe
rCold   . . .      Faith    .   c - +1 buckler
rNeg    . . .      Spirit   .   b - +0 scale mail
rPois   .          Reflect  .   (no helmet)
rElec   .          Harm     +   k - +0 cloak "Ziluwn" {Harm Will- SInv}
rCorr   .          Rampage  .   j - +0 pair of gloves
Will    .....                   (no boots)
Stlth   ..........              (no amulet)
HPRegen 0.20/turn               m - +6 ring of intelligence
MPRegen 0.10/turn               (no ring)

@: no status effects
A: no striking features
a: no special abilities


You were on level 5 of the Dungeon.
You visited 1 branch of the dungeon, and saw 5 of its levels.

You collected 142 gold pieces.

Inventory:

Hand Weapons
 a - a +0 war axe (weapon)
 u - the +10 flail of Autumn {drain, Contam rN++ Dex+9}
   (You found it on level 4 of the Dungeon)

   A truly terrible weapon, it drains the life of any living foe it strikes.
   Dex:       It affects your dexterity (+9).
   rN:        It greatly protects you from negative energy.
   Contam:    It causes magical contamination when unequipped.
Armour
 b - a +0 scale mail (worn)
 c - a +1 buckler (worn)
 g - a +0 plate armour
 j - a +0 pair of gloves (worn)
 k - the +0 cloak "Ziluwn" (worn) {Harm Will- SInv}
   (You found it on level 2 of the Dungeon)

   SInv:      It lets you see invisible.
   Harm:      It increases damage dealt and taken.
   Will:      It decreases your willpower.
Magical Staves
 v - a staff of air
 w - a staff of air
Jewellery
 m - a +6 ring of intelligence (left hand)
 p - a ring of fire
Wands
 o - a wand of charming (8)
Scrolls
 e - 5 scrolls of teleportation
 f - a scroll of identify
 l - 2 scrolls of magic mapping
 q - a scroll of fear {unknown}
 t - a scroll of amnesia
Potions
 d - a potion of might
 h - a potion of magic
 i - 4 potions of curing
 n - a potion of brilliance {unknown}
 r - a potion of berserk rage
 s - a potion of lignification


   Skills:
 * Level 5.1 Fighting
 * Level 7.2 Axes
 + Level 4.8 Armour
 + Level 1.1 Dodging
 * Level 2.1 Stealth
 + Level 4.1 Shields


You had 6 spell levels left.
You didn't know any spells.
Your spell library contained the following spells:

 Spells                   Type           Power      Damage    Failure   Level
 Confusing Touch          Hex            0%         N/A       96%         3
 Frozen Ramparts          Ice            0%         1d2       96%         3
 Ice Form                 Ice/Tmut       0%         N/A       100%        4
 Summon Ice Beast         Ice/Summ       0%         N/A       100%        4
 Yara's Violent Unravell  Hex/Tmut       0%         3d3       100%        5
 Enfeeble                 Hex            0%         N/A       100%        7


Dungeon Overview and Level Annotations

Branches:
Dungeon (5/15)
 Temple: D:4-7

Altars:
The Shining One


Message History

The gnoll misses you. You block the gnoll's attack.
You hit the gnoll but do no damage.
The gnoll is lightly wounded.
A gnoll comes into view. It is wielding a +0 flail.
You block the gnoll sergeant's attack. The gnoll hits you with a +0 club.
The gnoll sergeant hits you but does no damage.
You closely miss the gnoll.
The gnoll is lightly wounded.
The gnoll hits you with a +0 club.
The gnoll sergeant hits you but does no damage.
You hit the gnoll.
The gnoll is heavily wounded.
The gnoll hits you but does no damage.
The gnoll sergeant hits you from afar with a +5 vampiric spear!
You closely miss the gnoll.
The gnoll is heavily wounded.
The gnoll hits you with a +0 club.
The gnoll sergeant hits you from afar with a +5 vampiric spear.
A gnoll comes into view. It is wielding a +0 flail.
A gnoll comes into view. It is wielding a +0 spear.
You block the gnoll's attack.
The gnoll sergeant hits you from afar with a +5 vampiric spear!
You block the gnoll's attack.
The gnoll sergeant hits you but does no damage.
You barely miss the gnoll.
The gnoll sergeant hits you from afar with a +5 vampiric spear!
The gnoll hits you but does no damage.
You hit the gnoll.
The gnoll is moderately wounded.
The gnoll sergeant hits you from afar with a +5 vampiric spear!
* * * LOW HITPOINT WARNING * * *
The gnoll hits you with a +0 flail.
* * * LOW HITPOINT WARNING * * *
You slash the gnoll!
You kill the gnoll!
The gnoll sergeant barely misses you.
The gnoll sergeant hits you from afar with a +5 vampiric spear.
* * * LOW HITPOINT WARNING * * *
The gnoll hits you with a +0 flail!
You die...

#g...# #..#
#g...# #...##
#####...###.....#
#......#.$#......
#.###.#....#...#
#g#.....##.#
#.g........#
###g##...###
#@##.### #.##.#
#.##.# #.##.# #..
..##.# #># ####.#
#.# #.# #.# #.#
#.# #.# #.#


You could see a gnoll sergeant and 2 gnolls.

Vanquished Creatures
  Sigmund (D:3)
  A water moccasin (D:5)
  A howler monkey (D:5)
  A hound (D:4)
  Jessica (D:3)
  3 orc wizards
  Ijyb (D:3)
  A howler monkey zombie (D:5)
  2 gnolls (D:5)
  10 adders
  An adder skeleton (D:3)
  A dart slug (D:1)
  11 orcs
  14 ball pythons
  6 bats
  An endoplasm (D:4)
  2 giant cockroaches
  8 goblins
  3 hobgoblins
  5 kobolds
  2 frilled lizards
  11 rats
87 creatures vanquished.

Notes
Turn   | Place    | Note
-------+----------+-------------------------------------------
     0 | D:1      | us17 the Hill Orc Fighter began the quest for the Orb.
     0 | D:1      | Reached XP level 1. HP: 19/19 MP: 1/1
   201 | D:1      | Reached XP level 2. HP: 27/27 MP: 2/2
   205 | D:1      | Reached skill level 3 in Axes
   426 | D:1      | Found a faded altar of an unknown god.
   492 | D:1      | Reached XP level 3. HP: 28/33 MP: 3/3
  1203 | D:2      | Identified the +0 cloak "Ziluwn" {Harm Will- SInv}
  1760 | D:3      | Noticed Ijyb
  1854 | D:3      | Noticed Sigmund
  1856 | D:3      | Reached skill level 4 in Axes
  1880 | D:3      | Killed Sigmund
  1881 | D:3      | Reached skill level 5 in Axes
  1881 | D:3      | Reached skill level 1 in Stealth
  1881 | D:3      | Reached XP level 4. HP: 16/41 MP: 4/4
  1881 | D:3      | Reached XP level 5. HP: 19/47 MP: 5/5
  2087 | D:3      | Reached XP level 6. HP: 48/53 MP: 6/6
  2129 | D:3      | Killed Ijyb
  2592 | D:3      | Noticed Jessica
  2601 | D:3      | Killed Jessica
  2602 | D:3      | Reached skill level 6 in Axes
  3289 | D:4      | Reached XP level 7. HP: 47/60 MP: 7/7
  3377 | D:4      | Identified the +10 flail of Autumn {drain, Contam rN++
                  | Dex+9}
  3616 | D:4      | Found a glowing golden altar of the Shining One.
  3739 | D:5      | Entered Level 5 of the Dungeon
  3747 | D:5      | Reached skill level 1 in Dodging
  3761 | D:5      | Reached skill level 5 in Fighting
  3761 | D:5      | Reached skill level 7 in Axes
  4071 | D:5      | HP: 1/61 [gnoll sergeant (7)]
  4071 | D:5      | Mangled by a gnoll

Illustrated notes

Levels and vault maps discovered:
D:1:      dpeg_arrival_round_b, layout_loops_ring,
          shapermc_ecumenical_altar_totnotflames
D:2:      layout_loops_ring
D:3:      layout_basic, minmay_snake_closets, uniq_jessica, uniq_sigmund,
          uniq_ijyb
D:4:      layout_basic, kennysheep_mini
D:5:      layout_loops_ring, grunt_decor_clamped, minmay_misc_feat_chi,
          uniq_pikel, uniq_edmund

Skill      XL: |  1  2  3  4  5  6  7 |
---------------+----------------------+-----
Axes           | 3 5 6 7 |  7.2
Fighting       | 4 5 |  5.1
Armour         | 4 |  4.8
Stealth        | 1 2 |  2.1
Shields        | 4 |  4.1
Dodging        | 1 |  1.1

Action                   |  1- 3 |  4- 6 |  7- 9 || total
-------------------------+-------+-------+-------++-------
Melee: War axe           |   113 |   142 |    53 ||   308
  Use: Scroll            |     5 |     5 |       ||    10
Armor: Scale mail        |    76 |    85 |    25 ||   186
Dodge: Dodged            |    66 |    69 |    23 ||   158
Block: Buckler           |    31 |    33 |    20 ||    84
